 Dungeon Crawl Stone Soup version 0.21-a0-552-g593960d (webtiles) character file.

124961 vishdafish the Hand of Fortune (level 16, -6/120 HPs)
             Began as a Demonspawn Skald on Dec 17, 2017.
             Was the Champion of Nemelex Xobeh.
             Mangled by a wolf spider (13 damage)
             ... on level 4 of the Lair of Beasts.
             The game lasted 01:54:20 (28617 turns).

vishdafish the Hand of Fortune (Demonspawn Skald)  Turns: 28617, Time: 01:54:21

Health: -6/120     AC:  5    Str: 11    XL:     16   Next: 40%
Magic:  0/31       EV: 16    Int: 27    God:    Nemelex Xobeh [******]
Gold:   2605       SH:  3    Dex:  9    Spells: 16/37 levels left

rFire    . . .     SeeInvis .   P - +7 halberd "Nileim" {freeze, rElec MR+ Dex-3}
rCold    . . .     Gourm    .   (shield currently unavailable)
rNeg     . . .     Faith    .   A - quicksilver dragon scales
rPois    +         Spirit   +   k - +2 helmet
rElec    +         Reflect  +   X - scarf {Spirit}
rCorr    .         Harm     .   (gloves unavailable)
MR       +++..                  m - +0 pair of boots
Stlth    ..........             x - +3 amulet of reflection
HPRegen  0.30/turn              v - ring of poison resistance
MPRegen  0.22/turn              O - +4 ring of intelligence

@: singing, corroded
A: claws 3, repulsion field 1, clever 1, clumsy 1, powered by death 1, spiny 2,
augmentation 1, MP-powered wands
a: Triple Draw, Deal Four, Stack Five, Renounce Religion


You were on level 4 of the Lair of Beasts.
You worshipped Nemelex Xobeh.
Nemelex Xobeh was exalted by your worship.
You were not hungry.

You visited 5 branches of the dungeon, and saw 25 of its levels.
You also visited: Bailey.

You collected 2837 gold pieces.
You spent 232 gold pieces at shops.

Inventory:

Hand Weapons
 H - a +2 hand axe of flaming
 L - the +13 scythe of Curses {drain, *Curse}
   (You acquired it on level 3 of the Lair of Beasts)

   A truly terrible weapon, it drains the life of those it strikes.
   It curses itself when equipped.
 P - the +7 halberd "Nileim" (weapon) {freeze, rElec MR+ Dex-3}
   (You took it off a big kobold on level 10 of the Dungeon)

   It has been specially enchanted to freeze those struck by it, causing extra
   injury to most foes and up to half again as much damage against particularly
   susceptible opponents.
   It can also slow down cold-blooded creatures.
   It affects your dexterity (-3).
   It insulates you from electricity.
   It affects your resistance to hostile enchantments.
Missiles
 E - 4 throwing nets (quivered)
Armour
 k - a +2 helmet (worn)
 m - a +0 pair of boots (worn)
 A - quicksilver dragon scales (worn)
 X - a scarf of spirit shield (worn)
Jewellery
 c - an uncursed ring of magical power
 v - a ring of poison resistance (left claw)
 x - a +3 amulet of reflection (around neck)
 D - an uncursed ring of magical power
 O - a +4 ring of intelligence (right claw)
Wands
 f - a wand of acid (5)
 C - a wand of iceblast (3)
 I - a wand of digging (42)
Scrolls
 a - 7 scrolls of enchant weapon
 b - 3 scrolls of amnesia {unknown}
 g - 8 scrolls of fog
 q - 12 scrolls of teleportation
 r - 6 scrolls of enchant armour {unknown}
 u - 4 scrolls of fear {unknown}
 y - 3 scrolls of remove curse
 R - a scroll of summoning {unknown}
 U - 3 scrolls of magic mapping {unknown}
 V - a scroll of blinking
Potions
 h - 5 potions of curing
 i - 6 potions of brilliance
 j - a potion of agility
 n - 3 potions of lignification
 o - 4 potions of flight
 t - 5 potions of might
 w - 2 potions of invisibility
 z - 4 potions of haste
 G - 4 potions of magic
 T - a potion of cancellation
 Y - 3 potions of berserk rage
Books
 N - a book of the Earth

   Spells                             Type                      Level
   a - Leda's Liquefaction            Hexes/Earth                  4
   b - Bolt of Magma                  Conjuration/Fire/Earth       5
   c - Statue Form                    Transmutation/Earth          6
   d - Iron Shot                      Conjuration/Earth            6
   e - Shatter                        Earth                        9
Miscellaneous
 d - an ornate deck of summoning
 e - an ornate deck of destruction {drawn: 3}
 s - a plain deck of destruction
 B - an ornate deck of summoning
 F - a legendary deck of summoning {drawn: 1}
 J - a plain deck of summoning {drawn: 1}
 M - a plain deck of destruction {drawn: 6}
 Q - a plain deck of destruction
 W - an ornate deck of summoning
 Z - an ornate deck of summoning
Comestibles
 l - 14 meat rations
 p - 21 royal jellies
 K - 22 fruits


   Skills:
 - Level 9.0 Fighting
 + Level 12.1 Polearms
 - Level 10.0 Armour
 - Level 10.2 Dodging
 + Level 11.1 Spellcasting
 - Level 8.0 Charms
 - Level 7.0 Necromancy
 + Level 10.1 Ice Magic
 - Level 12.2 Invocations


You had 16 spell levels left.
You knew the following spells:

 Your Spells              Type           Power        Failure   Level  Hunger
a - Infusion              Chrm           ####         1%          1    None
b - Song of Slaying       Chrm           ######..     1%          2    None
c - Regeneration          Chrm/Necr      ######....   1%          3    None
d - Ozocubu's Armour      Chrm/Ice       ######..     1%          3    None
e - Throw Icicle          Conj/Ice       #####...     10%         4    None
f - Control Undead        Necr           ######....   4%          4    None
g - Animate Dead          Necr           N/A          4%          4    None


Dungeon Overview and Level Annotations

Branches:
Dungeon (15/15)            Temple (1/1) D:7            Lair (6/6) D:9
  Swamp (0/4) Lair:3       Spider (1/4) Lair:4        Slime (0/5) Lair:5
    Orc (2/2) D:11            Elf (0/3) Orc:2        Vaults (0/5) D:14
 Depths (0/5) D:15

Altars:
Ashenzari
Cheibriados
Dithmenos
Elyvilon
Fedhas
Gozag
Hepliaklqana
Kikubaaqudgha
Makhleb
Nemelex Xobeh
Okawaru
Qazlal
Ru
Sif Muna
Trog
Uskayaw
Vehumet
Wu Jian
Xom
Yredelemnul
Zin
The Shining One
Beogh

Shops:
D:6 [(*   D:8 (   D:11 ![   D:13 %   Orc:1 }   Orc:2 :?![=


Innate Abilities, Weirdness & Mutations

You have claws for hands.
You are surrounded by a mild repulsion field. (EV +2)
You regenerate a little health from kills.
You are mostly covered in sharp spines.
Your magical and physical power is slightly enhanced at high health.
Your mind is acute. (Int +2)
You are clumsy. (Dex -2)
You expend magic power (3 MP) to strengthen your wands.


Message History

The wolf spider bites you!
* * * LOW HITPOINT WARNING * * *
You don't have enough magic at the moment.
Triple draw from which deck? (? for menu, Esc to quit)
You draw... (choose one card, ? for their descriptions) a - Pain b - Wild Magic
c - the Storm A mighty gale blasts forth from the card!
The entropy weaver is blown away by the wind.
The plant is struck by lightning.
The wolf spider hits you but does no damage.
The wolf spider bites you!
* * * LOW HITPOINT WARNING * * *
Lightning arcs down from a storm cloud!
You hit the wolf spider. You freeze the wolf spider.
The wolf spider is almost dead.
The plant is struck by lightning. x2; The wolf spider hits you!
You die...
Your body glows with a rainbow of weird colours and disappears.

#.###.#
########..#.#######
####..PP.........##..##
#....P.................
#..§P§.§§§§............
#.§.P§.§§§§............
#.§§#§#§§§§.......#P..#
##.§§§#s.§§§.##..###....
#.a§§§.@.§§§............
##.§§§E..§§§............
#..§§P##§§§§............
#..§§§##§§§§≈.<.≈..P....
##.§§...§§§§≈≈≈≈≈≈..#...
##....##..≈≈≈≈≈≈≈≈≈.≈##..
#.#...#.#.≈≈≈≈≈≈≈≈≈≈###..
###...####.≈≈≈≈≈≈≈≈≈##...
#...P# ##.≈≈≈≈≈≈≈≈......


You could see an entropy weaver, a wolf spider and a friendly air elemental.

Vanquished Creatures
  Rupert (Lair:3)
  Gastronok (D:8)
  Snorg (D:11)
  An ettin (D:15)
  Harold (Lair:3)
  A vault guard (D:14)
  5 hydras
  A death knight (D:14)
  7 centaur warriors
  3 catoblepae
  4 ogre magi
  13 two-headed ogres
  4 death yaks (Lair:5)
  Nergalle (Orc:2)
  4 skeletal warriors (D:13)
  4 unseen horrors
  A swamp dragon (Lair:3)
  A deep elf archer (Bailey)
  7 deep elf magi
  2 orc knights
  A wolf spider zombie (D:15)
  4 wolf spiders
  The ghost of Squigly the Ducker, a novice DsGl of Okawaru (D:7)
  8 orc sorcerers (Orc:2)
  4 oklob plants
  4 ugly things
  2 cyclopes (D:15)
  3 manticores
  A guardian serpent (Lair:6)
  10 black mambas
  A black mamba (shapeshifter) (D:12)
  Maurice (D:11)
  10 elephants
  4 torpor snails
  3 gargoyles
  Psyche (D:8)
  21 spiny frogs
  2 kobold demonologists
  A rime drake (Lair:6)
  10 komodo dragons
  3 jumping spiders (Spider:1)
  A queen bee (Lair:1)
  A polar bear (Lair:5)
  7 trolls
  4 meliai
  5 hornets
  Prince Ribbit (D:8)
  7 blink frogs
  A tyrant leech (Lair:6)
  8 dream sheep
  8 hippogriffs
  3 shadows
  19 redbacks
  A centaur simulacrum (D:15)
  6 wraiths
  11 wyverns (Lair:6)
  A water elemental (D:14)
  2 basilisks
  66 yaks
  3 hungry ghosts
  A human (shapeshifter) (D:15)
  2 steam dragons
  4 vampire mosquitoes (D:15)
  3 acid dragons
  17 water moccasins
  2 hell hounds (D:9)
  Duvessa (D:5)
  24 orc warriors
  8 porcupines
  2 black bears
  6 ice beasts
  A meliai simulacrum (D:15)
  15 ogres
  A sky beast (D:9)
  3 phantoms
  A tengu (Lair:6)
  4 wolves
  38 centaurs
  10 crocodiles
  8 big kobolds
  12 bullfrogs
  A wyvern zombie (D:6)
  Dowan (D:4)
  A wyvern skeleton (D:14)
  5 scorpions
  25 killer bees
  13 wights
  2 howler monkeys (D:10)
  An electric eel (D:15)
  9 crimson imps
  3 bullfrog zombies
  5 centaur zombies
  A gnoll shaman (Orc:2)
  2 bullfrog skeletons
  30 orc wizards
  3 centaur skeletons
  8 hounds
  3 jellies
  21 orc priests
  Crazy Yiuf (D:5)
  5 iguanas
  Natasha (thrice) (D:3)
  14 worker ants
  A killer bee zombie (D:10)
  13 gnolls
  19 adders
  2 shadow imps
  2 white imps (D:15)
  2 oozes (D:2)
  3 adder skeletons
  5 worms
  2 dart slugs
  6 leopard geckos
  96 orcs
  6 giant cockroaches
  9 goblins
  3 hobgoblins
  13 jackals
  5 quokkas
  2 ball pythons
  4 bats
  6 frilled lizards
  20 kobolds
  A leopard gecko skeleton (D:5)
  3 rats
  A fungus (Lair:6)
857 creatures vanquished.

Vanquished Creatures (collateral kills)
  Nessos (D:12)
  2 centaur warriors
  A two-headed ogre (D:10)
  A death yak (Lair:5)
  An ogre mage (D:15)
  3 slime creatures (D:15)
  A lindwurm (Lair:6)
  A wolf spider (Lair:6)
  A manticore (Lair:6)
  A deep elf mage (Bailey)
  5 elephants (Lair:5)
  A black mamba (Lair:6)
  A spiny frog (Lair:6)
  A komodo dragon (Lair:6)
  A polar bear (Lair:5)
  3 blink frogs (Lair:5)
  2 wyverns
  A basilisk (Lair:2)
  A water moccasin (Lair:6)
  A porcupine (Lair:5)
  An eye of draining (D:10)
  3 centaurs (D:15)
  A bullfrog (Lair:5)
35 creatures vanquished.

Vanquished Creatures (others)
  A dire elephant (Lair:6)
  An ogre mage (Orc:2)
  A death yak (Lair:5)
  An unseen horror (D:15)
  A lindwurm (Lair:5)
  A deep elf mage (D:15)
  A water moccasin (Lair:5)
  An orc warrior (D:15)
  An orc wizard (Orc:2)
  2 gnolls (D:2)
  An adder (D:2)
  2 kobolds (D:2)
  2 bushes
  20 fungi
  21 plants
57 creatures vanquished.

Grand Total: 949 creatures vanquished

Notes
Turn   | Place    | Note
-------+----------+-------------------------------------------
     0 | D:1      | vishdafish the Demonspawn Skald began the quest for the Orb.
     0 | D:1      | Reached XP level 1. HP: 16/16 MP: 3/3
    24 | D:1      | Reached skill level 1 in Armour
   367 | D:1      | Gained mutation: You are partially covered in sharp spines. [demonic ancestry]
   367 | D:1      | Reached XP level 2. HP: 19/22 MP: 5/5
   962 | D:2      | Reached XP level 3. HP: 27/27 MP: 6/6
  1578 | D:1      | Reached XP level 4. HP: 28/33 MP: 7/7
  2077 | D:2      | Found a shattered altar of Ashenzari.
  2077 | D:2      | Found an opulent altar of Gozag.
  2082 | D:2      | Found a sacrificial altar of Ru.
  2084 | D:2      | Found a white marble altar of Elyvilon.
  2093 | D:2      | Found a bloodstained altar of Trog.
  2198 | D:2      | Found a radiant altar of Vehumet.
  2211 | D:2      | Reached XP level 5. HP: 38/38 MP: 8/8
  2359 | D:3      | Noticed Natasha
  2365 | D:3      | Killed Natasha
  2369 | D:3      | Found a glowing golden altar of the Shining One.
  2537 | D:3      | Noticed Natasha
  2556 | D:3      | Killed Natasha
  2767 | D:3      | Noticed Natasha
  2775 | D:3      | Killed Natasha
  3225 | D:4      | Gained mutation: You regenerate a little health from kills. [demonic ancestry]
  3225 | D:4      | Reached XP level 6. HP: 30/44 MP: 5/9
  3535 | D:4      | Reached skill level 5 in Polearms
  4082 | D:5      | Entered Level 5 of the Dungeon
  4098 | D:5      | Found an iron altar of Okawaru.
  4149 | D:5      | HP: 2/44 [centaur (7)]
  4277 | D:5      | Gained mutation: You are mostly covered in sharp spines. [demonic ancestry]
  4277 | D:5      | Reached XP level 7. HP: 50/50 MP: 10/10
  4472 | D:5      | Noticed Dowan
  4482 | D:5      | Noticed Duvessa
  4501 | D:5      | Killed Duvessa
  4507 | D:4      | Killed Dowan
  4826 | D:5      | Found a runed door.
  4827 | D:5      | Got a steaming mace
  4831 | D:5      | Noticed Crazy Yiuf
  4838 | D:5      | Killed Crazy Yiuf
  5040 | D:6      | Found a stormy altar of Qazlal.
  5324 | D:6      | Gained mutation: You have sharp fingernails. [demonic ancestry]
  5324 | D:6      | Reached XP level 8. HP: 24/56 MP: 12/14
  5736 | D:6      | Learned a level 2 spell: Song of Slaying
  5872 | D:6      | Found Agen's Serpentskin Sales.
  6525 | D:6      | Gained mutation: You are surrounded by a mild repulsion field. (EV +2) [demonic ancestry]
  6525 | D:6      | Reached XP level 9. HP: 61/61 MP: 15/15
  6529 | D:6      | Found Cuxilout's Antique Weapon Shoppe.
  6596 | D:6      | Found Isarite's Armour Shop.
  6676 | D:7      | Reached skill level 5 in Charms
  6712 | D:7      | Learned a level 3 spell: Regeneration
  6830 | D:7      | Reached skill level 5 in Dodging
  7074 | D:7      | Found an ornate altar of the Wu Jian Council.
  7084 | D:7      | Found a staircase to the Ecumenical Temple.
  7091 | Temple   | Entered the Ecumenical Temple
  7640 | D:7      | Noticed Squigly's ghost (novice DsGl)
  7691 | D:7      | Killed Squigly's ghost
  7691 | D:7      | Reached skill level 5 in Fighting
  7917 | D:8      | Found a burning altar of Makhleb.
  7964 | D:8      | Noticed Gastronok
  7970 | D:8      | Gained mutation: You have very sharp fingernails. [demonic ancestry]
  7970 | D:8      | Reached XP level 10. HP: 69/77 MP: 16/16
  8092 | D:8      | Noticed Psyche
  8105 | D:8      | Killed Psyche
  8303 | D:8      | Noticed Prince Ribbit
  8311 | D:8      | Killed Prince Ribbit
  8312 | D:8      | Reached skill level 1 in Necromancy
  8377 | D:8      | Found a hide-covered altar of Uskayaw.
  8450 | D:8      | Found Imosin's Weapon Boutique.
  8557 | D:8      | Killed Gastronok
  8557 | D:8      | Reached skill level 5 in Spellcasting
  8655 | D:9      | Found a staircase to the Lair.
  8901 | D:9      | Found an ornate altar of the Wu Jian Council.
  8939 | D:9      | Gained mutation: You have claws for hands. [demonic ancestry]
  8939 | D:9      | Reached XP level 11. HP: 52/84 MP: 13/19
  8950 | D:9      | Found a sparkling altar of Nemelex Xobeh.
  8953 | D:9      | Became a worshipper of Nemelex Xobeh the Trickster
  9102 | D:9      | Found a shadowy altar of Dithmenos.
  9121 | D:9      | Received a gift from Nemelex Xobeh
  9156 | D:9      | Reached skill level 1 in Invocations
  9224 | D:9      | Found a shadowy altar of Dithmenos.
  9340 | D:9      | Gained mutation: Scrolls take you a little longer to read. [potion of mutation]
  9340 | D:9      | Gained mutation: You have a pair of small horns on your head. [potion of mutation]
  9340 | D:9      | Gained mutation: You do not regenerate when monsters are visible. [potion of mutation]
  9340 | D:9      | Gained mutation: You can translocate small distances at will. [potion of mutation]
  9341 | D:9      | Lost mutation: You do not regenerate when monsters are visible. [potion of mutation]
  9341 | D:9      | Lost mutation: Scrolls take you a little longer to read. [potion of mutation]
  9341 | D:9      | Lost mutation: You have a pair of small horns on your head. [potion of mutation]
  9341 | D:9      | Gained mutation: You are dopey. (Int -2) [potion of mutation]
  9341 | D:9      | Gained mutation: Your spells are a little harder to cast, but a little more powerful. [potion of mutation]
  9342 | D:9      | Lost mutation: You can translocate small distances at will. [potion of mutation]
  9342 | D:9      | Lost mutation: Your spells are a little harder to cast, but a little more powerful. [potion of mutation]
  9342 | D:9      | Gained mutation: You occasionally shout uncontrollably at your foes. [potion of mutation]
  9342 | D:9      | Lost mutation: You are dopey. (Int -2) [potion of mutation]
  9632 | D:10     | Entered Level 10 of the Dungeon
  9766 | D:10     | Reached * piety under Nemelex Xobeh
  9779 | D:10     | Killed an unseen horror
  9791 | D:10     | Reached skill level 5 in Invocations
  9955 | D:10     | Reached skill level 5 in Armour
 10259 | D:10     | Noticed a three-headed hydra
 10272 | D:10     | Killed a one-headed hydra
 10300 | D:10     | Got a steaming halberd {freeze}
 10305 | D:10     | Identified the +7 halberd "Nileim" {freeze, rElec MR+ Dex-3} (You took it off a big kobold on level 10 of the Dungeon)
 10644 | D:10     | Noticed a two-headed ogre
 10655 | D:10     | Killed a two-headed ogre
 11079 | D:10     | Got a twisted shortbow
 11080 | D:10     | Identified the cursed +1 shortbow of the Thoughtful People {velocity, Str+2} (You took it off a crimson imp on level 10 of the Dungeon)
 11111 | D:10     | Received a gift from Nemelex Xobeh
 11320 | D:11     | Found Ziaqoh's Armour Shop.
 11347 | D:11     | Noticed a red ugly thing
 11352 | D:11     | Killed a red ugly thing
 11352 | D:11     | Reached skill level 10 in Invocations
 11519 | D:11     | Noticed Maurice
 11526 | D:11     | Gained mutation: Your magical and physical power is slightly enhanced at high health. [demonic ancestry]
 11526 | D:11     | Reached XP level 12. HP: 89/91 MP: 18/21
 11534 | D:11     | Killed Maurice
 11618 | D:11     | Noticed a two-headed ogre
 11622 | D:11     | Killed a two-headed ogre
 11689 | D:11     | Reached ** piety under Nemelex Xobeh
 11711 | D:11     | Received a gift from Nemelex Xobeh
 11781 | D:11     | Found Buewk's Distillery.
 11795 | D:11     | Learned a level 3 spell: Ozocubu's Armour
 11953 | D:11     | Found a staircase to the Orcish Mines.
 11953 | D:11     | Noticed Snorg
 11966 | D:11     | Killed Snorg
 11966 | D:11     | Reached skill level 1 in Ice Magic
 12125 | D:11     | Noticed a two-headed ogre
 12131 | D:11     | Killed a two-headed ogre
 12505 | D:12     | Noticed Nessos
 12528 | D:12     | Killed Nessos
 12743 | D:12     | Found a flagged portal.
 12752 | Bailey   | Entered a bailey
 13106 | Bailey   | Received a gift from Nemelex Xobeh
 13299 | Bailey   | Reached XP level 13. HP: 74/96 MP: 20/22
 13954 | D:12     | Gained mutation: You expend magic power (3 MP) to strengthen your wands. [mutagenic meat]
 14077 | D:12     | Found a sparkling altar of Nemelex Xobeh.
 14319 | Lair:1   | Entered Level 1 of the Lair of Beasts
 14360 | Lair:1   | Received a gift from Nemelex Xobeh
 14386 | Lair:1   | Reached skill level 5 in Ice Magic
 14458 | Lair:1   | Reached *** piety under Nemelex Xobeh
 14972 | Lair:1   | Found a snail-covered altar of Cheibriados.
 15046 | Lair:1   | Received a gift from Nemelex Xobeh
 15418 | Lair:2   | Reached skill level 10 in Polearms
 15552 | Lair:2   | Received a gift from Nemelex Xobeh
 15821 | Lair:2   | Reached **** piety under Nemelex Xobeh
 16362 | Lair:3   | Received a gift from Nemelex Xobeh
 16417 | Lair:3   | Noticed Harold
 16442 | Lair:3   | Killed Harold
 16685 | Lair:3   | Identified 2 scrolls of acquirement
 16690 | Lair:3   | Found the +13 scythe of Curses {drain, *Curse}
 16757 | Lair:3   | Received a gift from Nemelex Xobeh
 16842 | Lair:3   | Found a staircase to the Swamp.
 16849 | Lair:3   | Reached skill level 10 in Dodging
 17318 | Lair:3   | Noticed Rupert
 17332 | Lair:3   | Killed Rupert
 17648 | Lair:4   | Found a hole to the Spider Nest.
 17657 | Lair:4   | Reached ***** piety under Nemelex Xobeh
 17975 | Lair:4   | Reached XP level 14. HP: 76/104 MP: 21/24
 18437 | Lair:5   | Received a gift from Nemelex Xobeh
 18563 | Lair:5   | Reached skill level 5 in Necromancy
 18621 | Lair:5   | HP: 5/104 [acid (10)]
 18829 | Lair:5   | Found a staircase to the Slime Pits.
 19082 | Lair:5   | Received a gift from Nemelex Xobeh
 19384 | Lair:5   | Received a gift from Nemelex Xobeh
 19810 | Lair:6   | Entered Level 6 of the Lair of Beasts
 20411 | Lair:6   | Received a gift from Nemelex Xobeh
 20471 | Lair:6   | Paralysed by a hornet for 3 turns
 20581 | Lair:6   | Gained mutation: You have large cloven feet. [mutagenic meat]
 20704 | Lair:6   | Paralysed by a hornet for 1 turns
 21175 | Lair:6   | Reached XP level 15. HP: 82/113 MP: 26/27
 21949 | Orc:1    | Entered Level 1 of the Orcish Mines
 21949 | Orc:1    | Received a gift from Nemelex Xobeh
 22105 | Orc:1    | Found a burning altar of Makhleb.
 22179 | Orc:1    | Found Keru's Gadget Emporium.
 22563 | Orc:2    | Entered Level 2 of the Orcish Mines
 22933 | Orc:2    | Received a gift from Nemelex Xobeh
 22953 | Orc:2    | Found a staircase to the Elven Halls.
 23184 | Orc:2    | Found Miudwoli's Jewellery Emporium.
 23508 | Orc:2    | Found Ushups's Antique Armour Boutique.
 23600 | Orc:2    | Found a radiant altar of Vehumet.
 23616 | Orc:2    | Found Hatwonya's Distillery.
 23630 | Orc:2    | Noticed Nergalle
 23639 | Orc:2    | Killed Nergalle
 23649 | Orc:2    | Found an ancient bone altar of Kikubaaqudgha.
 23668 | Orc:2    | Bought a potion of mutation for 88 gold pieces
 23668 | Orc:2    | Bought a potion of berserk rage for 55 gold pieces
 23668 | Orc:2    | Bought a potion of might for 44 gold pieces
 23668 | Orc:2    | Lost mutation: You expend magic power (3 MP) to strengthen your wands. [potion of mutation]
 23668 | Orc:2    | Lost mutation: You occasionally shout uncontrollably at your foes. [potion of mutation]
 23668 | Orc:2    | Lost mutation: You have large cloven feet. [potion of mutation]
 23668 | Orc:2    | Gained mutation: You expend magic power (3 MP) to strengthen your wands. [potion of mutation]
 23668 | Orc:2    | Gained mutation: You are clumsy. (Dex -2) [potion of mutation]
 23668 | Orc:2    | Gained mutation: Your mind is acute. (Int +2) [potion of mutation]
 23694 | Orc:2    | Found a roughly hewn altar of Beogh.
 23694 | Orc:2    | Found Siejeng Hixe's Magic Scroll Boutique.
 23724 | Orc:2    | Found Ykkuucoa's Book Shop.
 23727 | Orc:2    | Bought a scroll of teleportation for 45 gold pieces
 24370 | D:13     | Learned a level 4 spell: Throw Icicle
 24371 | D:13     | Got a crystal trident
 24372 | D:13     | Identified the +5 trident "Dragonslayer" {elec, *Drain rC+ SInv} (You found it on level 13 of the Dungeon)
 24475 | D:13     | Reached ****** piety under Nemelex Xobeh
 24475 | D:13     | Received a gift from Nemelex Xobeh
 24545 | D:13     | Found Enun Heu's Food Emporium.
 25252 | D:13     | Got an ivory trident {distort}
 25448 | D:14     | Reached skill level 10 in Armour
 25683 | D:14     | Received a gift from Nemelex Xobeh
 25979 | D:14     | Reached skill level 10 in Spellcasting
 26027 | D:14     | Found a gate to the Vaults.
 26110 | D:15     | Entered Level 15 of the Dungeon
 26643 | D:15     | Reached XP level 16. HP: 108/120 MP: 26/30
 26692 | D:15     | Received a gift from Nemelex Xobeh
 26729 | D:15     | Got a tattered robe
 26740 | D:15     | Identified the +1 robe of the Swamp {rC+} (You found it on level 15 of the Dungeon)
 26854 | D:15     | Learned a level 4 spell: Control Undead
 26859 | D:15     | Learned a level 4 spell: Animate Dead
 27434 | D:15     | Received a gift from Nemelex Xobeh
 27530 | D:15     | Found a staircase to the Depths.
 27828 | Spider:1 | Entered Level 1 of the Spider Nest
 28220 | Spider:1 | Reached skill level 10 in Ice Magic
 28617 | Lair:4   | Mangled by a wolf spider

Vault maps used:
D:1:      scummos_arrival_simple_crosswalls, serial_curves, eino_curves_02,
          eino_curves_01, eino_curves_02, serial_bayou_pond_e
D:2:      fiery_altar_vehumet, chequers_temple_overflow_minitemple
D:3:      nicolae_overflow_crystal_walls, minmay_unequal, uniq_natasha
D:4:      first_bread
D:5:      overflow_temple_1_default, uniq_crazy_yiuf_cottage, uniq_duvessa
D:6:      grunt_qazlal_sundering, serial_shops, shop, kennysheep_mini_moat,
          guppyfry_shop_venom
D:7:      minmay_temple_entry_hall, basic_altar
D:8:      eat_drink_and_be_merry_uskayaw, serial_shops,
          nicolae_shop_behind_doors, basic_altar, uniq_prince_ribbit1,
          uniq_gastronok, uniq_psyche
D:9:      kennysheep_mini, nicolae_dithmenos_the_darkroom, lemuel_doored_altar,
          minmay_lair_entry_lava, basic_altar
D:10:     hangedman_ranch, kennysheep_potato, uniq_joseph
D:11:     hiddenorc1_lemuel, serial_shops, kennysheep_little_box,
          nicolae_shop_stone, roderic_lattice_a, uniq_maurice, uniq_snorg
D:12:     enter_bailey_7, st_stairs_1, lemuel_oklob_altar, uniq_nessos
D:13:     serial_shops, nicolae_shop_behind_doors
D:14:     david_vaults_5
D:15:     hangedman_depths_entry_civil_slaughter, serial_ice, serial_ice_j,
          serial_ice_e, serial_ice_o, serial_ice_b, moated_statue
Temple:   jpeg_temple_island
Lair:1:   special_room, minivault_24, kennysheep_snail_temple
Lair:2:   grunt_megastairs_5
Lair:3:   minmay_swamp_entry_reptiles, cheibrodos_lair_reptile_den, uniq_harold,
          uniq_rupert
Lair:4:   dummy_spider_entry, infiniplex_staircase_pool
Lair:5:   slime_dummy, serial_bayou_shore_b, minmay_lair_oklob_chamber,
          grunt_megastairs_4
Lair:6:   hangedman_lair_in_review, hangedman_lair_tendril_chambers
Orc:1:    serial_shops, nicolae_shop_waterfront, basic_altar
Orc:2:    kennysheep_orc_mage_school, serial_shops, shop_fountains
Bailey:   bailey_polearm_3, bailey

Skill      XL: |  1  2  3  4  5  6  7  8  9 10 11 12 13 14 15 16 |
---------------+-------------------------------------------------+-----
Armour         | 1 2 3 4 6 7 8 10 | 10.0
Polearms       | 2 3 4 5 6 8 9 10 11 12 | 12.1
Charms         | 3 4 5 6 8 |  8.0
Dodging        | 2 3 6 7 8 10 | 10.2
Spellcasting   | 4 5 6 7 8 10 11 | 11.1
Fighting       | 6 7 9 |  9.0
Necromancy     | 4 7 |  7.0
Invocations    | 10 12 | 12.2
Ice Magic      | 4 7 9 10 | 10.1

Action                   |  1- 3 |  4- 6 |  7- 9 | 10-12 | 13-15 | 16-18 || total
-------------------------+-------+-------+-------+-------+-------+-------++-------
Melee: Spear             |   123 |   248 |   283 |       |       |       ||   654
       Halberd           |       |       |   143 |   215 |  1210 |   221 ||  1789
       Battleaxe         |       |       |    15 |   243 |       |       ||   258
       Hand axe          |       |       |       |     6 |    25 |       ||    31
Throw: Throwing net      |       |       |     1 |     3 |     1 |       ||     5
 Cast: Infusion          |     1 |     5 |    10 |     1 |       |       ||    17
       Song of Slaying   |       |       |       |    18 |    79 |    10 ||   107
       Regeneration      |       |       |       |    20 |    32 |     4 ||    56
       Ozocubu's Armour  |       |       |       |       |    21 |       ||    21
       Control Undead    |       |       |       |       |       |     1 ||     1
Invok: Triple Draw       |       |       |       |       |     1 |     1 ||     2
       Deal Four         |       |       |       |       |     1 |     1 ||     2
Evoke: Wand              |       |       |     6 |     4 |    10 |       ||    20
       Deck              |       |       |       |    13 |    29 |     4 ||    46
  Use: Scroll            |     3 |     3 |     1 |     9 |    12 |     1 ||    29
       Potion            |       |     1 |     3 |    11 |     2 |       ||    17
 Stab: Sleeping          |       |       |       |     2 |     1 |       ||     3
       Distracted        |       |       |       |     2 |     1 |       ||     3
       Petrified         |       |       |       |     3 |     8 |       ||    11
       Petrifying        |       |       |       |     2 |       |       ||     2
       Held in net/web   |       |       |       |       |     1 |       ||     1
  Eat: Chunk             |     2 |     7 |     9 |    22 |    20 |     2 ||    62
       Bread ration      |       |     1 |       |       |     8 |       ||     9
       Royal jelly       |       |       |       |       |       |     1 ||     1
       Fruit             |       |       |       |       |       |     1 ||     1
Armor: Leather armour    |     5 |       |       |       |       |       ||     5
       Ring mail         |    13 |    54 |   132 |    11 |       |       ||   210
       Robe              |       |       |       |    30 |       |       ||    30
       Steam dragon scal |       |       |       |    82 |    61 |       ||   143
       Quicksilver drago |       |       |       |       |   413 |   109 ||   522
Dodge: Dodged            |    54 |   110 |   169 |   436 |   952 |   189 ||  1910
Block: Other             |       |       |       |       |   101 |    36 ||   137
       Reflection        |       |       |       |       |     6 |     5 ||    11

Table legend:
 A = Spawn XP
 B = Non-spawn XP
 C = Spawn XP percentage of total XP
 D = Spawn monster count
 E = Non-spawn monster count
 F = Spawn count percentage of total count
 G = Total turns spent on level
                    A         B        C        D         E        F      G
               +---------+---------+-------+---------+---------+-------+---------
         Total |       0 |  178516 |   0.0 |       0 |     899 |   0.0 | 28617
               +---------+---------+-------+---------+---------+-------+---------
           D:1 |       0 |     104 |   0.0 |       0 |      18 |   0.0 |  1167
           D:2 |       0 |     103 |   0.0 |       0 |      25 |   0.0 |  1162
           D:3 |       0 |     155 |   0.0 |       0 |      22 |   0.0 |   982
           D:4 |       0 |     282 |   0.0 |       0 |      22 |   0.0 |   824
           D:5 |       0 |     660 |   0.0 |       0 |      15 |   0.0 |  1024
           D:6 |       0 |    1541 |   0.0 |       0 |      39 |   0.0 |  1485
           D:7 |       0 |    2370 |   0.0 |       0 |      37 |   0.0 |   986
           D:8 |       0 |    4705 |   0.0 |       0 |      33 |   0.0 |   782
           D:9 |       0 |    2700 |   0.0 |       0 |      26 |   0.0 |  1020
          D:10 |       0 |    7678 |   0.0 |       0 |      44 |   0.0 |  1635
          D:11 |       0 |   10349 |   0.0 |       0 |      60 |   0.0 |  1485
          D:12 |       0 |    8469 |   0.0 |       0 |      34 |   0.0 |  1587
          D:13 |       0 |   16135 |   0.0 |       0 |      65 |   0.0 |   893
          D:14 |       0 |   17148 |   0.0 |       0 |      53 |   0.0 |  1316
          D:15 |       0 |   19531 |   0.0 |       0 |      72 |   0.0 |  1055
        Lair:1 |       0 |    5616 |   0.0 |       0 |      31 |   0.0 |   892
        Lair:2 |       0 |    3930 |   0.0 |       0 |      14 |   0.0 |  1151
        Lair:3 |       0 |    8128 |   0.0 |       0 |      22 |   0.0 |  1332
        Lair:4 |       0 |    6655 |   0.0 |       0 |      23 |   0.0 |  1548
        Lair:5 |       0 |   14271 |   0.0 |       0 |      40 |   0.0 |  1751
        Lair:6 |       0 |   28022 |   0.0 |       0 |      90 |   0.0 |  1676
      Spider:1 |       0 |    5377 |   0.0 |       0 |      20 |   0.0 |    75
         Orc:1 |       0 |    1065 |   0.0 |       0 |      20 |   0.0 |   749
         Orc:2 |       0 |    9023 |   0.0 |       0 |      66 |   0.0 |  1074
        Bailey |       0 |    4499 |   0.0 |       0 |       8 |   0.0 |   727
               +---------+---------+-------+---------+---------+-------+---------
